 Dungeon Crawl Stone Soup version 0.28.0-45-g0d030f2227 (webtiles) character file.

Game seed: 6671578379663950494

32 DuloT34 the Insei (level 3, 0/31 HPs)
             Began as a Naga Transmuter on Apr 13, 2022.
             Slain by a kobold
             ... wielding a +0 short sword
              (5 damage)
             ... on level 2 of the Dungeon.
             The game lasted 00:05:05 (1869 turns).

DuloT34 the Insei (Naga Transmuter)                 Turns: 1869, Time: 00:05:06

Health: 0/31       AC:  2    Str: 18    XL:     3   Next: 27%
Magic:  5/6        EV: 10    Int: 13    God:
Gold:   39         SH:  0    Dex: 13    Spells: 5/6 levels left

rFire   . . .      SeeInvis +     - Unarmed
rCold   . . .      Faith    .   (no shield)
rNeg    . . .      Spirit   .   a - +0 robe
rPois   +          Reflect  .   (no helmet)
rElec   .          Harm     .   (no cloak)
rCorr   .          Rampage  .   (no gloves)
Will    .....                   (no barding)
Stlth   +.........              (no amulet)
HPRegen 0.10/turn               c - +6 ring of strength
MPRegen 0.10/turn               (no ring)

@: very slow
A: AC +1, large, see invisible, deformed body, poison resistance, slowness 2,
spit poison 1, naga tail 1
a: Spit Poison


You were on level 2 of the Dungeon.
You visited 1 branch of the dungeon, and saw 2 of its levels.

You collected 39 gold pieces.

Inventory:

Armour
 a - a +0 robe (worn)
Jewellery
 c - a +6 ring of strength (left hand)
Potions
 b - a potion of attraction {unknown}
 d - a potion of curing {unknown}
 f - 2 potions of lignification {unknown}


   Skills:
 - Level 1.0 Fighting
 + Level 2.3 Dodging
 + Level 3.7 Unarmed Combat
 - Level 2.0 Spellcasting
 - Level 2.0 Transmutations


You had 5 spell levels left.
You knew the following spells:

 Your Spells              Type           Power      Damage    Failure   Level
a - Beastly Appendage     Tmut           12%        N/A       11%         1

Your spell library contained the following spells:

 Spells                   Type           Power      Damage    Failure   Level
 Wereblood                Tmut           6%         N/A       17%         2
 Spider Form              Tmut/Pois      3%         N/A       45%         3
 Ice Form                 Ice/Tmut       3%         N/A       86%         4


Dungeon Overview and Level Annotations

Branches:
Dungeon (2/15)

Altars:

Shops:
D:1 (


Innate Abilities, Weirdness & Mutations

Your serpentine skin is tough. (AC +1)
You have supernaturally acute eyesight. (SInv)
Armour fits poorly on your strangely shaped body.
Your system is resistant to poisons. (rPois)
You cover ground very slowly.
You can spit poison.
You have a snake-like lower body.


Message History

No target in view!
f - 2 bubbling golden potions (gained 1)
A gnoll comes into view. It is wielding a +0 flail.
Found an escape hatch in the floor.
A gnoll comes into view. It is wielding a +0 halberd.
Casting: Beastly Appendage (safe; 11% risk of failure)
Confirm with . or Enter, or press ? or * to list all spells.
You miscast Beastly Appendage.
You are very lightly contaminated with residual magic.
Nothing appears to happen.
The gnoll shouts!
A kobold comes into view. It is wielding a +0 short sword.
Casting: Beastly Appendage (safe; 11% risk of failure)
Confirm with . or Enter, or press ? or * to list all spells.
You grow a pair of large bovine horns.
The kobold shouts!
You hear a shout!
You barely miss the gnoll. You hit the gnoll but do no damage.
A gnoll comes into view. It is wielding a +0 whip.
The kobold throws a stone.
The stone closely misses you. The gnoll hits you with a +0 flail!
The gnoll hits you from afar with a +0 halberd.
The gnoll hits you with a +0 flail! The gnoll barely misses you.
The kobold barely misses you.
Your transformation is almost over.
The gnoll closely misses you.
Your magical contamination has completely faded away.
The gnoll hits you with a +0 flail.
* * * LOW HITPOINT WARNING * * *
The kobold barely misses you. The gnoll closely misses you.
The gnoll hits you with a +0 flail.
* * * LOW HITPOINT WARNING * * *
The kobold closely misses you.
Found 16 gold pieces.
Your horns disappear.
There is a stone staircase leading up here.
The gnoll closely misses you. The gnoll barely misses you.
The kobold hits you with a +0 short sword.
You die...

#... $...# #... ....#
#...#....##...##### .
..#.........#.......#
...............#.......#
...............#.......#
........>..............+ ..#
..###...........@gg....# .>#
....#............K...### ...#
....#.....^......g...+ .....
..............#......#####.....
..............#................
#.............#................
#.............#.....#..........
#.............#####.#...##...#.
#...####......# #...#...# ..#


You could see 3 gnolls and a kobold.

Vanquished Creatures
  A dart slug (D:2)
  A bat (D:1)
  A giant cockroach (D:2)
  8 hobgoblins
  2 jackals (D:2)
  5 kobolds (D:1)
  3 ball pythons (D:1)
  6 goblins
  A quokka skeleton (D:2)
28 creatures vanquished.

Notes
Turn   | Place    | Note
-------+----------+-------------------------------------------
     0 | D:1      | DuloT34 the Naga Transmuter began the quest for the Orb.
     0 | D:1      | Reached XP level 1. HP: 18/18 MP: 3/3
   179 | D:1      | Found Dus Qurr's Antique Weapon Emporium.
   728 | D:1      | Reached XP level 2. HP: 22/25 MP: 5/5
  1631 | D:2      | Reached XP level 3. HP: 27/31 MP: 4/6
  1869 | D:2      | Slain by a kobold

Illustrated notes

Levels and vault maps discovered:
D:1:      dpeg_arrival_morbid_curiosity, layout_basic, serial_shops,
          nicolae_shop_hallway_stairs
D:2:      layout_basic, minmay_hexomino_p4

Skill      XL: |  1  2 |
---------------+-------+-----
Dodging        | 2 |  2.3
Fighting       | |  1.0
Unarmed Combat | |  3.7
Spellcasting   | |  2.0
Transmutations | |  2.0

Action                   || total
-------------------------++-------
Melee: Unarmed           ||    67
       Headbutt          ||     1
       Punch             ||     1
 Cast: Beastly Appendage ||     3
 Abil: Spit Poison       ||     6
  Use: Scroll            ||     3
 Stab: Sleeping          ||     1
Armor: Robe              ||    14
Dodge: Dodged            ||    37
